Map: Blackpink LE

Players

Dark

  • Race: Zerg Zerg
  • Spawn Location: 7:00

Solar - Winner!

  • Race: Zerg Zerg
  • Spawn Location: 1:00

Event: IEM Season 12 - Katowice

VOD

Have the link to the VOD?

Description

Time

  • Played on: March 1, 2018, 1:59 p.m.
  • Length: 24:22

All games in this series

Show
View Real Time Build Order
Export as new Build Order

Dark Zerg 

Build Orders: Hatch First, Lurkers, Zergling Baneling 

Get SALT Encoding   

  12  0:00  Drone  
  13  0:12  Overlord  
  13  0:17  Drone  
  14  0:30  Drone x2  
  14  0:35  Drone  
  17  0:52  Hatchery  
  17  0:53  Drone  
  17  0:57  Drone  
  18  1:07  Extractor  
  17  1:12  Spawning Pool  
  17  1:15  Drone  
  17  1:18  Drone  
  18  1:28  Drone  
  19  1:38  Overlord  
  19  1:49  Drone  
  20  1:58  Queen  
  20  2:01  Drone  
  23  2:04  Queen  
  23  2:05  Drone  
  23  2:07  Metabolic Boost  
  26  2:10  Drone  
  26  2:15  Drone  
  28  2:23  Drone  
  28  2:27  Drone  
  30  2:36  Zergling x2  
  31  2:37  Hatchery  
  31  2:41  Baneling Nest  
  31  2:42  Zergling x2  
  30  2:46  Zergling x2  
  30  2:51  Overlord  
  31  2:55  Drone  
  32  3:01  Drone  
  31  3:13  Zergling x2  
  31  3:14  Zergling x12  
  31  3:18  Zergling x2  
  39  3:26  Baneling  
  39  3:36  Queen, Overlord  
  39  3:37  Drone x2  
  43  3:48  Baneling  
  43  3:49  Baneling  
  43  3:51  Baneling x2  
  43  3:52  Drone x4  
  47  3:56  Drone  
  48  4:02  Drone  
  48  4:03  Drone  
  48  4:04  Drone x2  
  48  4:09  Baneling x2  
  51  4:11  Drone  
  51  4:12  Drone x3  
  53  4:22  Drone x4  
  55  4:26  Roach Warren, Zergling x4  
  55  4:28  Drone  
  55  4:32  Zergling x4  
  55  4:35  Extractor  
  55  4:36  Extractor  
  55  4:37  Evolution Chamber, Zergling x2  
  55  4:43  Zergling x4  
  55  4:44  Drone  
  58  4:48  Lair  
  58  4:50  Drone  
  58  4:53  Baneling x2  
  57  5:02  Zergling x2  
  57  5:03  Overlord  
  57  5:08  Overlord  
  57  5:12  Zerg Missile Weapons Level 1  
  57  5:14  Overlord x2  
  57  5:19  Baneling x2  
  57  5:22  Drone x6  
  57  5:23  Drone x2  
  57  5:26  Overlord x2  
  57  5:27  Roach  
  67  5:30  Roach  
  67  5:31  Roach  
  71  5:39  Roach  
  71  5:41  Drone  
  71  5:42  Drone  
  75  5:47  Drone x2  
  75  5:48  Baneling  
  76  5:50  Drone  
  76  5:51  Drone x2  
  76  5:53  Glial Reconstitution  
  76  5:54  Drone  
  79  5:59  Extractor  
  79  6:03  Drone x2  
  78  6:05  Drone  
  78  6:06  Roach  
  78  6:07  Roach x2  
  78  6:10  Drone x2  
  87  6:12  Extractor  
  87  6:15  Roach  
  87  6:19  Drone x5  
  87  6:24  Spire  
  87  6:25  Overseer  
  90  6:26  Drone x2, Extractor  
  91  6:35  Roach x4  
  91  6:36  Overlord x3  
  91  6:38  Roach  
  101  6:42  Roach x2  
  105  6:51  Unknown  
  105  6:52  Overlord  
  105  6:55  Roach x3, Hatchery  
  105  6:56  Roach  
  105  6:57  Roach  
  114  7:06  Roach x4  
  122  7:13  Roach x2  
  126  7:17  Overlord  
  126  7:18  Overlord  
  126  7:21  Drone x2  
  128  7:34  Overlord x3  
  128  7:35  Overseer  
  128  7:36  Mutalisk x2  
  128  7:37  Mutalisk x3  
  130  7:38  Spine Crawler  
  130  7:39  Mutalisk  
  130  7:41  Drone x2  
  141  7:45  Roach x3  
  141  7:46  Roach  
  141  7:48  Roach  
  151  7:55  Zerg Missile Weapons Level 2  
  151  7:57  Roach  
  155  7:58  Roach  
  155  8:00  Roach  
  155  8:01  Unknown  
  157  8:06  Extractor  
  157  8:07  Roach x2  
  157  8:09  Extractor  
  150  8:15  Roach x8  
  140  8:21  Roach x2  
  140  8:22  Roach x2  
  140  8:24  Roach  
  138  8:27  Roach  
  138  8:29  Roach  
  138  8:30  Roach  
  138  8:33  Roach x3  
  129  8:38  Roach x2  
  129  8:40  Roach  
  122  8:41  Roach  
  122  8:44  Roach  
  122  8:46  Roach  
  122  8:48  Roach  
  118  8:50  Roach  
  118  8:53  Roach  
  118  8:54  Roach  
  120  8:56  Roach  
  120  8:58  Roach  
  120  9:02  Roach x2  
  123  9:04  Roach  
  123  9:06  Roach  
  127  9:10  Roach x2  
  127  9:11  Roach  
  127  9:15  Roach  
  127  9:16  Roach  
  139  9:17  Roach  
  139  9:23  Roach x3  
  145  9:24  Roach  
  145  9:28  Drone  
  145  9:29  Drone x3  
  151  9:37  Drone x2  
  153  9:47  Queen  
  153  9:48  Queen x2  
  153  9:50  Roach  
  161  10:03  Roach x2  
  155  10:11  Zerg Ground Armor Level 1  
  155  10:13  Roach  
  155  10:14  Roach  
  157  10:20  Roach  
  157  10:21  Roach x2  
  163  10:23  Roach x2  
  163  10:36  Roach x4  
  163  10:37  Roach x3  
  163  10:39  Ravager x2, Overlord x2  
  163  10:40  Ravager  
  180  10:43  Ravager  
  180  10:44  Ravager x3  
  180  10:45  Overlord  
  184  10:57  Pneumatized Carapace  
  184  10:58  Roach x4  
  184  10:59  Roach x4  
  200  11:12  Tunneling Claws, Burrow  
  200  11:22  Hydralisk Den  
  200  11:24  Roach  
  200  11:25  Ravager  
  200  11:27  Hatchery  
  200  11:28  Ravager  
  200  11:29  Spine Crawler  
  199  11:41  Overseer  
  197  11:51  Overseer  
  197  11:52  Ravager x3  
  197  11:53  Ravager  
  195  11:54  Overseer  
  195  11:57  Grooved Spines  
  195  11:59  Lurker Den  
  195  12:00  Roach  
  196  12:06  Overseer  
  192  12:22  Roach x2  
  196  12:23  Zerg Ground Armor Level 2  
  196  12:29  Hydralisk x2  
  200  12:36  Overlord  
  194  12:52  Hydralisk x3  
  194  12:55  Hydralisk x2  
  186  13:08  Roach, Muscular Augments  
  186  13:09  Hydralisk x2  
  186  13:11  Roach  
  190  13:14  Roach x3  
  190  13:15  Roach  
  190  13:17  Roach  
  200  13:22  Infestation Pit  
  200  13:25  Roach x2  
  189  13:29  Hydralisk x3  
  189  13:32  Roach x3  
  189  13:33  Roach x2  
  177  13:34  Lurker x4  
  177  13:35  Lurker  
  177  13:37  Roach x3  
  177  13:38  Roach  
  177  13:39  Roach x4, Hydralisk  
  177  13:40  Roach x2  
  198  13:42  Overlord  
  198  13:44  Overlord x4  
  184  13:51  Roach x3  
  184  13:52  Roach  
  183  13:56  Roach  
  183  13:58  Roach  
  174  14:04  Roach x10  
  174  14:05  Hydralisk, Lurker x2  
  174  14:06  Hydralisk x2  
  174  14:08  Hive  
  174  14:09  Hydralisk x2  
  171  14:10  Hydralisk  
  171  14:13  Overseer  
  177  14:24  Lurker x2  
  177  14:25  Lurker  
  177  14:30  Hydralisk x5  
  188  14:36  Unknown x2  
  186  14:45  Hydralisk x3  
  186  14:46  Hydralisk x2  
  186  14:52  Spore Crawler  
  195  14:53  Hydralisk  
  195  14:54  Hydralisk  
  196  15:04  Hydralisk x3  
  196  15:05  Roach x2  
  184  15:25  Roach x5  
  188  15:34  Viper x2  
  184  15:37  Roach x3  
  184  15:39  Roach x2  
  184  15:41  Roach x2  
  189  15:48  Roach x5  
  188  15:51  Roach  
  188  15:56  Drone x5  
  190  16:11  Evolution Chamber  
  188  16:14  Hydralisk x4  
  188  16:18  Hydralisk x20  
  193  16:23  Roach x32  
  181  16:27  Hydralisk  
  181  16:31  Roach  
  170  16:49  Hydralisk x2  
  170  16:50  Hydralisk  
  174  16:56  Overseer  
  174  17:05  Roach x24  
  174  17:08  Overseer  
  152  17:21  Hydralisk x4  
  149  17:32  Hydralisk  
  149  17:33  Hydralisk  
  141  17:49  Overseer  
  128  18:03  Viper  
  128  18:04  Viper  
  134  18:19  Hydralisk x2  
  134  18:20  Hydralisk  
  140  18:40  Roach  
  140  18:46  Hydralisk x2  
  140  18:47  Hydralisk  
  129  19:16  Unknown  
  119  19:17  Unknown x5  
  119  19:20  Hydralisk x3  
  119  19:21  Hydralisk  
  127  19:28  Roach  
  129  19:35  Overseer  
  129  19:43  Roach x8  
  127  19:53  Roach  
  127  19:57  Roach  
  127  19:58  Roach x2  
  139  20:07  Roach x4  
  139  20:36  Overseer  
  139  20:39  Roach x3  
  143  20:45  Hydralisk  
  143  21:02  Roach x2  
  147  21:06  Roach  
  149  21:13  Ravager x2  
  149  21:14  Ravager x2  
  153  21:19  Roach  
  153  21:31  Roach  
  155  21:39  Overseer  
  155  22:05  Roach x5  
  156  22:28  Unknown x2, Viper  
  156  22:29  Drone  
  136  22:49  Overseer  
  138  22:51  Roach x2  
  124  23:00  Roach x2  
  128  23:06  Roach  
  128  23:11  Roach  
  126  23:25  Unknown  
  119  23:43  Roach x3  
  120  23:58  Roach  
  120  23:59  Roach  
Show
View Real Time Build Order
Export as new Build Order

Solar Zerg - Winner!

Build Orders: Hatch First, Lurkers 

Get SALT Encoding   

  12  0:01  Drone  
  13  0:12  Overlord  
  13  0:17  Drone  
  14  0:31  Drone  
  14  0:32  Drone  
  16  0:35  Drone  
  17  0:51  Hatchery  
  17  0:54  Drone  
  17  0:58  Drone  
  17  1:02  Extractor  
  17  1:13  Spawning Pool  
  17  1:16  Drone  
  17  1:19  Drone  
  18  1:28  Drone  
  19  1:39  Overlord  
  19  1:49  Drone  
  20  1:59  Queen  
  22  2:02  Queen  
  22  2:04  Zergling x4  
  22  2:05  Metabolic Boost  
  26  2:11  Drone  
  27  2:16  Drone  
  28  2:24  Drone  
  29  2:32  Drone  
  30  2:37  Hatchery  
  30  2:42  Baneling Nest  
  30  2:43  Drone  
  29  2:46  Drone  
  29  2:49  Drone  
  29  2:50  Zergling x2  
  32  2:56  Overlord  
  32  3:00  Drone  
  32  3:04  Drone  
  34  3:08  Drone x2  
  34  3:12  Drone  
  36  3:15  Zergling x4  
  36  3:18  Drone x2  
  40  3:21  Drone  
  40  3:26  Baneling x2  
  41  3:27  Zergling x2  
  41  3:29  Overlord  
  42  3:34  Baneling  
  42  3:36  Drone  
  42  3:38  Baneling  
  42  3:47  Queen  
  44  3:49  Baneling, Zergling x6  
  44  3:50  Drone x3  
  44  3:51  Drone  
  44  3:53  Drone  
  52  4:00  Zergling x2  
  53  4:02  Baneling  
  53  4:03  Zergling x2  
  53  4:04  Drone  
  55  4:13  Zergling x2  
  52  4:19  Zergling x2  
  52  4:24  Drone  
  46  4:25  Drone  
  46  4:28  Zergling x2  
  48  4:33  Drone x3  
  48  4:34  Drone x2  
  48  4:36  Roach Warren, Extractor  
  51  4:39  Zergling x2  
  52  4:46  Drone  
  52  4:47  Drone  
  52  4:49  Lair  
  52  4:50  Drone  
  53  4:53  Extractor  
  53  4:54  Drone  
  53  4:55  Evolution Chamber  
  53  4:58  Drone  
  53  5:01  Drone  
  53  5:03  Drone  
  53  5:05  Drone x3  
  58  5:08  Overlord  
  58  5:09  Overlord  
  58  5:12  Overlord  
  58  5:13  Overlord  
  58  5:15  Overlord  
  58  5:19  Overlord  
  58  5:21  Zerg Missile Weapons Level 1, Extractor  
  57  5:24  Drone  
  57  5:27  Drone x4  
  57  5:28  Drone  
  63  5:36  Drone  
  63  5:37  Drone x2  
  63  5:42  Baneling  
  65  5:43  Zergling x4  
  65  5:44  Zergling x6  
  65  5:45  Drone x2  
  71  5:53  Overlord  
  71  5:54  Glial Reconstitution  
  71  5:56  Roach x4  
  79  5:58  Overlord  
  79  6:03  Drone  
  79  6:07  Drone x2, Extractor  
  79  6:08  Drone x3  
  79  6:10  Drone x4  
  86  6:13  Overseer  
  86  6:17  Drone x2  
  88  6:20  Drone  
  88  6:23  Drone  
  88  6:24  Drone  
  89  6:33  Roach  
  89  6:35  Roach x3  
  89  6:37  Hatchery  
  96  6:41  Roach x4  
  96  6:43  Roach  
  96  6:46  Roach x2  
  110  6:48  Roach  
  110  6:50  Overlord  
  110  6:51  Unknown  
  110  6:52  Roach  
  110  6:53  Roach  
  116  6:56  Overlord  
  120  7:01  Roach x2  
  120  7:08  Overlord x2  
  120  7:09  Roach x3  
  120  7:10  Roach  
  120  7:11  Overlord  
  120  7:13  Ravager  
  120  7:14  Overlord  
  129  7:16  Ravager x3  
  129  7:18  Zerg Missile Weapons Level 2  
  129  7:22  Roach x2  
  136  7:26  Roach x2  
  140  7:30  Roach x3  
  140  7:34  Roach x2  
  140  7:36  Ravager x2  
  151  7:40  Roach x3  
  151  7:43  Roach x2  
  161  7:48  Overlord  
  161  7:49  Overlord  
  161  7:52  Roach x3  
  161  7:55  Roach x2  
  161  7:56  Roach  
  173  8:02  Overlord  
  173  8:04  Overlord  
  173  8:05  Hydralisk Den  
  172  8:06  Extractor, Overlord  
  172  8:08  Roach x2  
  172  8:10  Roach  
  172  8:12  Roach  
  172  8:14  Roach  
  172  8:15  Roach  
  172  8:17  Roach  
  172  8:18  Roach  
  162  8:20  Roach  
  162  8:22  Roach  
  162  8:24  Roach  
  162  8:25  Roach  
  161  8:27  Roach  
  161  8:29  Roach  
  161  8:32  Spore Crawler  
  161  8:34  Roach x2  
  159  8:37  Roach  
  159  8:38  Roach  
  159  8:39  Roach  
  147  8:42  Roach x2  
  147  8:45  Spore Crawler  
  147  8:47  Grooved Spines  
  130  8:55  Hydralisk x2  
  130  8:56  Hydralisk  
  130  9:00  Hydralisk x2  
  130  9:02  Spore Crawler  
  125  9:04  Extractor  
  125  9:06  Drone x3  
  120  9:12  Drone x3, Lurker Den  
  120  9:13  Unknown x2  
  122  9:22  Hydralisk x2  
  122  9:23  Hydralisk  
  128  9:24  Drone  
  128  9:26  Hydralisk  
  128  9:28  Drone x3  
  134  9:31  Extractor  
  134  9:33  Overlord  
  134  9:34  Drone  
  134  9:39  Queen  
  134  9:42  Overlord  
  136  9:47  Hydralisk x2  
  136  9:48  Hydralisk x2  
  136  9:50  Roach  
  146  9:54  Roach x2  
  146  9:59  Roach x3  
  153  10:01  Muscular Augments  
  153  10:03  Roach  
  153  10:05  Roach  
  157  10:07  Roach  
  157  10:09  Roach  
  157  10:10  Ravager  
  160  10:16  Roach x3  
  160  10:17  Roach  
  160  10:21  Roach x3  
  174  10:27  Roach x2  
  174  10:36  Drone x2  
  174  10:38  Hydralisk x2  
  174  10:40  Lurker x4  
  184  10:43  Lurker  
  184  10:46  Roach x2  
  189  10:51  Queen  
  191  10:58  Zerg Ground Armor Level 1  
  191  11:00  Unknown x2  
  191  11:03  Unknown  
  191  11:04  Unknown  
  191  11:07  Drone x4  
  191  11:08  Drone, Hydralisk  
  191  11:09  Hydralisk x2  
  197  11:11  Drone  
  198  11:20  Extractor  
  197  11:26  Hydralisk  
  197  11:31  Infestation Pit  
  195  11:53  Hydralisk x3  
  199  12:00  Tunneling Claws  
  199  12:01  Burrow  
  197  12:03  Unknown  
  195  12:22  Hydralisk x4  
  191  12:25  Overseer  
  195  12:33  Overlord  
  195  12:34  Overlord  
  195  12:39  Hive, Overlord  
  195  12:41  Overlord  
  194  12:46  Overlord  
  194  12:49  Unknown  
  194  12:50  Hydralisk  
  194  12:51  Hydralisk x5  
  183  12:56  Roach x3  
  183  12:57  Roach x3  
  183  12:58  Hydralisk x2  
  195  13:02  Roach  
  193  13:08  Roach x3  
  193  13:11  Hatchery  
  193  13:12  Roach, Pneumatized Carapace  
  198  13:25  Roach x5  
  196  13:29  Roach  
  196  13:33  Roach x3  
  185  13:43  Roach x6  
  190  13:50  Hydralisk x2  
  182  13:57  Hydralisk  
  182  14:01  Hydralisk  
  182  14:02  Hydralisk  
  184  14:03  Adaptive Talons  
  184  14:05  Queen  
  184  14:09  Zerg Missile Weapons Level 3, Hydralisk x3  
  190  14:14  Lurker x3  
  193  14:22  Overseer  
  193  14:25  Roach x3  
  199  14:32  Extractor  
  199  14:36  Viper  
  199  14:41  Roach x5  
  199  14:42  Roach x4  
  199  14:43  Roach x2  
  199  14:52  Spine Crawler  
  198  14:59  Viper  
  195  15:01  Roach x17  
  195  15:02  Hatchery  
  195  15:03  Lurker  
  195  15:04  Lurker x2  
  198  15:11  Unknown  
  198  15:13  Roach  
  198  15:14  Roach  
  196  15:17  Roach x3  
  196  15:18  Roach x2  
  193  15:21  Roach x2  
  193  15:22  Roach  
  193  15:23  Roach x3  
  193  15:24  Roach x3  
  193  15:25  Roach x3  
  193  15:26  Roach x4  
  198  15:30  Roach  
  198  15:32  Roach  
  199  15:41  Overseer  
  193  15:45  Hydralisk  
  193  15:46  Hydralisk x3  
  193  15:49  Hatchery  
  194  15:50  Roach x5  
  194  15:52  Hydralisk  
  194  15:53  Hydralisk  
  194  15:54  Roach  
  197  16:00  Hydralisk x2  
  197  16:01  Hydralisk  
  187  16:11  Roach  
  187  16:12  Roach x3, Hatchery  
  188  16:22  Roach x3  
  188  16:23  Extractor  
  178  16:25  Roach  
  178  16:26  Roach  
  178  16:27  Extractor  
  178  16:28  Roach  
  173  16:37  Roach  
  173  16:38  Roach x3  
  177  16:42  Roach  
  179  16:47  Viper  
  179  16:52  Overseer  
  182  16:55  Overseer  
  182  16:58  Overseer  
  180  17:06  Drone x3  
  165  17:16  Hydralisk x3  
  158  17:27  Viper  
  158  17:29  Hydralisk  
  163  17:40  Hydralisk  
  163  17:42  Hydralisk  
  167  17:45  Unknown  
  167  17:46  Hydralisk  
  167  17:47  Hydralisk  
  167  17:50  Hydralisk  
  166  17:56  Hydralisk x2  
  170  17:59  Hydralisk  
  170  18:02  Hydralisk  
  174  18:06  Drone x2  
  174  18:08  Drone  
  174  18:15  Drone  
  174  18:17  Drone  
  176  18:22  Roach x2  
  176  18:24  Overseer  
  176  18:26  Drone  
  181  18:28  Hydralisk x19, Lurker  
  181  18:30  Lurker x2  
  181  18:31  Unknown  
  184  18:40  Hydralisk x2  
  186  18:45  Hydralisk  
  188  18:53  Hydralisk  
  188  18:54  Hydralisk  
  176  18:56  Hydralisk  
  176  19:01  Drone  
  176  19:02  Drone x2  
  165  19:03  Drone x2  
  167  19:13  Roach x4  
  171  19:18  Roach x2  
  171  19:20  Lurker  
  170  19:30  Hydralisk  
  170  19:31  Hydralisk x2  
  172  19:34  Roach x7  
  172  19:36  Roach x2  
  180  19:40  Extractor  
  179  19:47  Roach x7  
  179  19:48  Hydralisk x4  
  179  19:51  Hydralisk  
  189  19:57  Lurker  
  190  20:03  Hydralisk  
  190  20:05  Roach x2  
  194  20:15  Lurker  
  194  20:16  Spore Crawler  
  194  20:17  Spore Crawler  
  194  20:18  Roach x2  
  197  20:24  Overlord  
  197  20:25  Overlord  
  180  20:31  Viper  
  179  20:38  Viper  
  182  20:49  Hydralisk x5  
  192  20:55  Hydralisk x2  
  196  20:59  Roach x4  
  196  21:00  Roach x4  
  192  21:05  Unknown  
  192  21:09  Lurker x2  
  192  21:14  Hydralisk  
  192  21:20  Spore Crawler  
  192  21:23  Hydralisk x3  
  192  21:38  Roach x5  
  198  21:55  Overlord  
  198  21:56  Overlord  
  198  21:58  Overlord  
  198  22:01  Overlord  
  198  22:05  Overlord  
  198  22:08  Overlord  
  198  22:14  Hydralisk  
  198  22:20  Roach  
  198  22:21  Roach x5  
  195  22:25  Roach x8  
  195  22:26  Roach  
  190  22:32  Viper  
  179  22:38  Viper  
  179  22:43  Roach x7  
  182  22:44  Roach x2  
  182  22:45  Roach x2  
  182  22:48  Hydralisk  
  182  22:54  Hydralisk  
  182  23:03  Hydralisk  
  176  23:15  Roach  
  176  23:17  Roach  
  178  23:24  Roach  
  178  23:25  Roach x7  
  180  23:36  Hydralisk  
  182  23:48  Unknown, Lurker  
  181  23:56  Lurker  
  181  23:57  Hydralisk x2  

Tags
 
Add a new tag
Caveats
  • Supply blocks, unpowered buildings, or Contaminate may cause inaccurate times.
  • Supply counts are checked every 10 seconds.